 Dungeon Crawl Stone Soup version 0.17-a0-848-g7e5c6af (webtiles) character file.

98 xeno23 the Skirmisher (level 4, -2/37 HPs)
             Began as a Demonspawn Abyssal Knight on Apr 27, 2015.
             Was a Believer of Lugonu.
             Killed from afar by a white imp (4 damage)
             ... with a puff of frost
             ... summoned by Natasha
             ... on level 2 of the Dungeon.
             The game lasted 00:04:55 (1975 turns).

xeno23 the Skirmisher (Demonspawn Abyssal Knight)   Turns: 1975, Time: 00:04:55

Health: -2/37      AC:  9    Str: 12    XL:     4   Next: 44%
Magic:  5/5        EV: 11    Int: 14    God:    Lugonu [**....]
Gold:   79         SH:  0    Dex: 13    Spells: 0 memorised, 3 levels left

rFire  . . .     SeeInvis .     a - +1 spear
rCold  . . .     Clarity  .     j - +0 ring mail
rNeg   + . .     SustAb   .     (no shield)
rPois  .         Gourm    .     (no helmet)
rElec  .         Spirit   .     (no cloak)
rCorr  .         Warding  .     (no gloves)
rMut   .         Stasis   .     (no boots)
MR     .....                    (no amulet)
Stlth  +.........               (no ring)
                                f - ring of positive energy

@: not resistant to hostile enchantments, very unstealthy
A: iridescent scales 1, spiny 2
a: Depart the Abyss, Bend Space, Renounce Religion


You were on level 2 of the Dungeon.
You worshipped Lugonu.
Lugonu was pleased with you.
You were not hungry.

You visited 1 branch of the dungeon, and saw 2 of its levels.
You visited the Abyss 1 time.

You collected 79 gold pieces.

Inventory:

Hand weapons
 a - a +1 spear (weapon)
Armour
 d - a +0 scale mail
 j - a +0 ring mail (worn)
Jewellery
 f - a ring of positive energy (left hand)
Scrolls
 h - a scroll of identify {unknown}
 i - a scroll of blinking
Potions
 b - 4 potions of degeneration {unknown}
 e - a potion of heal wounds {unknown}
 k - a potion of restore abilities {unknown}
Comestibles
 c - a bread ration


   Skills:
 + Level 3.9 Fighting
 - Level 2.1 Polearms
 + Level 2.8 Armour
 + Level 1.8 Dodging
 - Level 2.6 Invocations


You had 3 spell levels left.
You didn't know any spells.

Dungeon Overview and Level Annotations

Branches:
Dungeon (2/15)

Altars:
Makhleb

Annotations:
D:2 Natasha


Innate Abilities, Weirdness & Mutations

You are partially covered in iridescent scales (AC +4).
You are mostly covered in sharp spines.


Message History

You are too injured to fight recklessly!
You are too injured to fight recklessly!
You are too injured to fight recklessly!
You barely miss the white imp.
The white imp is heavily wounded.
The white imp hits you.
* * * LOW HITPOINT WARNING * * *
The white imp freezes you.
* * * LOW HITPOINT WARNING * * *
You take 4 damage.
You hit the white imp.
The white imp is heavily wounded.
The white imp hits you.
* * * LOW HITPOINT WARNING * * *
The white imp freezes you.
* * * LOW HITPOINT WARNING * * *
You take 4 damage.
The white imp gestures at you. The puff of frost hits you!
You die...

### ##.########## #.#
#.# #.# #.# #.#
#######.# #....##.#
#.##.##@######## ###
#.##.#..........
##.######...h5....######
#.#........#.#...##
##.######.##.##.## #.#
#.##.##.# #.# #....##.#
#.# #######'# #.### ...


You could see Natasha and a white imp.

Vanquished Creatures
  Natasha (twice) (D:2)
  2 adders (D:2)
  2 giant geckos (D:2)
  6 bats
  3 giant cockroaches
  9 hobgoblins
  6 kobolds
  A quokka (D:2)
  A ball python (D:1)
  4 giant newts
  3 goblins
  4 rats
43 creatures vanquished.

Notes
Turn   | Place    | Note
--------------------------------------------------------------
     0 | Abyss:1  | xeno23, the Demonspawn Abyssal Knight, began the quest for the Orb.
     0 | Abyss:1  | Reached XP level 1. HP: 18/18 MP: 2/2
    37 | Abyss:1  | Noticed a spatial vortex
    71 | Abyss:1  | Noticed a smoke demon
    72 | D:1      | Escaped the Abyss
   150 | D:1      | Acquired Lugonu's first power
   199 | D:1      | Gained mutation: You are partially covered in sharp spines. [demonic ancestry]
   199 | D:1      | Reached XP level 2. HP: 21/24 MP: 3/3
   434 | D:1      | Reached skill level 1 in Dodging
   807 | D:2      | Gained mutation: You are partially covered in iridescent scales (AC +4). [demonic ancestry]
   807 | D:2      | Reached XP level 3. HP: 22/29 MP: 4/4
   817 | D:2      | Noticed Natasha
   834 | D:2      | Killed Natasha
  1202 | D:2      | Noticed Natasha
  1208 | D:2      | Killed Natasha
  1466 | D:2      | Found a burning altar of Makhleb.
  1578 | D:2      | Gained mutation: You are mostly covered in sharp spines. [demonic ancestry]
  1578 | D:2      | Reached XP level 4. HP: 33/37 MP: 5/5
  1667 | D:2      | Acquired Lugonu's second power
  1959 | D:2      | Noticed Natasha
  1974 | D:2      | HP: 1/37 [white imp[Natasha] (3)]
  1975 | D:2      | Killed from afar by a white imp

Action                   |  1- 3 |  4- 6 || total
-------------------------+-------+-------++-------
Melee: Spear             |   132 |    85 ||   217
Invok: Depart the Abyss  |     1 |       ||     1
  Use: Scroll            |     4 |       ||     4
  Eat: Chunk             |       |     2 ||     2
       Bread ration      |       |     1 ||     1
